 Dungeon Crawl Stone Soup version 0.31-a0-986-g5e6e4ef867 (webtiles) character file.

Game seed: 14016469122016328436

61 Dittersdorf the Covered (level 4, -2/35 HPs)
             Began as a Human Fighter on Nov 7, 2023.
             Slain by a cerulean imp
             ... wielding a +2 spear
             ... summoned by Natasha
              (4 damage)
             ... on level 2 of the Dungeon.
             The game lasted 00:02:12 (916 turns).

Dittersdorf the Covered (Human Fighter)              Turns: 916, Time: 00:02:12

Health: -2/35      AC:  9    Str: 19    XL:     4   Next: 27%
Magic:  4/4        EV:  7    Int:  8    God:
Gold:   104        SH:  4    Dex: 12    Spells: 3/3 levels left

rFire   . . .        a - +0 long sword
rCold   . . .        c - +0 buckler
rNeg    . . .        f - +0 chain mail
rPois   .            (no helmet)
rElec   .            (no cloak)
rCorr   .            (no gloves)
SInv    .            (no boots)
Will    .....        (no amulet) Stlth
                     (no ring)
HPRegen 0.25/turn    (no ring)
MPRegen 0.09/turn

%: no passive effects
@: hasted and slowed
A: no striking features
a: no special abilities


You were on level 2 of the Dungeon.
You visited 1 branch of the dungeon, and saw 2 of its levels.

You collected 104 gold pieces.

Inventory:

Hand Weapons
 a - a +0 long sword (weapon)
Armour
 c - a +0 buckler (worn)
 f - a +0 chain mail (worn)
Scrolls
 b - a scroll of silence {unknown}
 e - a scroll of identify {unknown}
 h - a scroll of revelation {unknown}
 j - a scroll of noise {unknown}
 k - a scroll of fog {unknown}
 l - a scroll of blinking {unknown}
Potions
 d - a potion of might


   Skills:
 + Level 3.5 Fighting
 + Level 2.7 Long Blades
 + Level 3.5 Armour
 + Level 3.4 Shields


You had 3 spell levels left.
You didn't know any spells.
Your spell library was empty.

Dungeon Overview and Level Annotations

Branches:
Dungeon (2/15)

Altars:

Annotations:
D:2 Natasha


Message History

You are too injured to fight recklessly!
You are too injured to fight recklessly!
You are too injured to fight recklessly!
You are too injured to fight recklessly!
You are too injured to fight recklessly!
You are too injured to fight recklessly!
You are too injured to fight recklessly!
You are too injured to fight recklessly!
You are too injured to fight recklessly!
You closely miss Natasha.
Natasha is lightly wounded.
The cerulean imp closely misses you. Natasha claws you.
The cerulean imp barely misses you.
You miss Natasha.
Natasha is lightly wounded.
Natasha claws you but does no damage.
The cerulean imp hits you from afar with a +2 spear.
* * * LOW HITPOINT WARNING * * *
You barely miss Natasha.
Natasha is lightly wounded.
Natasha claws you but does no damage. The cerulean imp closely misses you.
Natasha stares at you and mumbles some strange words.
The magic dart hits you but does no damage.
You barely miss Natasha.
Natasha is lightly wounded.
You block the cerulean imp's attack. Natasha claws you!
* * * LOW HITPOINT WARNING * * *
Okay, then.
It was a potion of cancellation.
You feel magically purged.
The cerulean imp hits you but does no damage.
Natasha casts a spell.
It was a potion of haste.
You feel yourself speed up.
The cerulean imp hits you but does no damage.
Natasha stares at you and mumbles some strange words.
You feel yourself slow down.
The cerulean imp hits you but does no damage.
You closely miss Natasha.
Natasha is lightly wounded.
The cerulean imp hits you from afar with a +2 spear.
You die...

##################
.................#
################.#
# #......†.....#5#
# #.##########.#@#
###.....# #.#h#
.....##.# #.#5#
.....##.# #.#5#
.....##.# #.#.#
.....##.# #.#.#
........# #.#.#
##############.#.#
...............#


You could see Natasha and 3 cerulean imps.

Vanquished Creatures
  An orc wizard (D:1)
  An adder (D:1)
  4 orcs
  4 bats (D:1)
  2 endoplasms (D:1)
  4 goblins (D:1)
  2 hobgoblins (D:1)
  A quokka (D:1)
  A ball python (D:2)
  A kobold (D:1)
  3 rats (D:1)
24 creatures vanquished.

Notes
Turn   | Place    | Note
-------+----------+-------------------------------------------
     0 | D:1      | Dittersdorf the Human Fighter began the quest for the Orb.
     0 | D:1      | Reached XP level 1. HP: 18/18 MP: 1/1
   217 | D:1      | Reached XP level 2. HP: 23/24 MP: 2/2
   650 | D:1      | Reached XP level 3. HP: 29/29 MP: 3/3
   680 | D:1      | Reached XP level 4. HP: 18/35 MP: 4/4
   892 | D:2      | Noticed Natasha
   913 | D:2      | HP: 1/35 [Natasha (8)]
   916 | D:2      | Slain by a cerulean imp

Illustrated notes

Levels and vault maps discovered:
D:1:      evilmike_arrival_hilbert_curve, layout_basic, serial_glass,
          glass_columns_a, glass_columns_b, feat_on_display
D:2:      layout_basic, uniq_terence, uniq_crazy_yiuf_cottage, uniq_natasha

Action                     |  1- 3 |  4- 6 || total
---------------------------+-------+-------++-------
  Melee: Long sword        |    58 |    37 ||    95
    Use: Potion            |       |     2 ||     2
 Armour: Scale mail        |     4 |       ||     4
         Chain mail        |    48 |    45 ||    93
  Dodge: Dodged            |    22 |    19 ||    41
  Block: Buckler           |    18 |    14 ||    32

Table legend: (Time is in decaauts)
 A = Elapsed time spent in this place.
 B = Non-inter-level travel time spent in this place.
 C = Inter-level travel time spent in this place.
 D = Time resting spent in this place.
 E = Time spent auto-exploring this place.
 F = Levels seen in this place.
 G = Mean time per level.
                   A        B        C        D        E       F      G
               +--------+--------+--------+--------+--------+-----+--------+
         Total |    950 |    924 |     26 |     72 |    598 |   2 |  475.0 |
       Dungeon |    950 |    924 |     26 |     72 |    598 |   2 |  475.0 |
               +--------+--------+--------+--------+--------+-----+--------+

Top non-repeatable levels by time:
     D:1: 784 daAuts
     D:2: 165 daAuts
